 Dungeon Crawl Stone Soup version 0.18.1-48-g4cf74bf (webtiles) character file.

7 meme the Caller (level 2, 0/15 HPs)
             Began as a Kobold Summoner on July 8, 2016.
             Slain by a goblin
             ... wielding a +0 dagger
              (1 damage)
             ... on level 2 of the Dungeon.
             The game lasted 00:08:23 (477 turns).

meme the Caller (Kobold Summoner)                    Turns: 477, Time: 00:08:24

Health: 0/15       AC:  4    Str:  6    XL:     2   Next: 5%
Magic:  3/5        EV: 14    Int: 18    God:
Gold:   36         SH:  0    Dex: 16    Spells: 2 memorised, 2 levels left

rFire  . . .     SeeInvis .     j - +0 dagger
rCold  . . .     Gourm    .     l - +1 leather armour (curse)
rNeg   . . .     Faith    .     (shield restricted)
rPois  .         Spirit   .     (no helmet)
rElec  .         Dismiss  .     (no cloak)
rCorr  .         Reflect  .     (no gloves)
SustAt .         Harm     .     (no boots)
MR     .....                    (no amulet)
Stlth  ++........               (no ring)
                                (no ring)

@: brilliant, lethally poisoned (0 -> -6), not resistant to hostile
enchantments, unstealthy
A: carnivore 3
a: no special abilities


You were on level 2 of the Dungeon.
You were not hungry.

You visited 1 branch of the dungeon, and saw 2 of its levels.

You collected 36 gold pieces.

Inventory:

Hand Weapons
 j - a +0 dagger (weapon)
Armour
 a - a +0 robe
 k - a +0 ring mail
 l - a cursed +1 leather armour (worn)
Scrolls
 h - a scroll of amnesia {unknown}
Potions
 d - a potion of curing {unknown}
Books
 b - a book of Callings

   Spells                             Type                      Level
   a - Summon Small Mammal            Summoning                    1
   b - Call Imp                       Summoning                    2
   c - Call Canine Familiar           Summoning                    3
   d - Summon Guardian Golem          Hexes/Summoning              3
   e - Summon Lightning Spire         Summoning/Air                4
   f - Summon Ice Beast               Ice/Summoning                4
Comestibles
 c - a meat ration
 g - a beef jerky


   Skills:
 + Level 2.4 Dodging
 + Level 2.8 Stealth
 + Level 2.0 Spellcasting
 + Level 4.3 Summonings


You had 2 spell levels left.
You knew the following spells:

 Your Spells              Type           Power        Failure   Level  Hunger
a - Summon Small Mammal   Summ           ####         1%          1    #......
b - Call Imp              Summ           ####....     1%          2    ###....


Dungeon Overview and Level Annotations

Branches:
Dungeon (2/15)

Altars:


Innate Abilities, Weirdness & Mutations

You are small and have problems with some larger weapons.
You are carnivorous and can eat meat at any time.


Message History

* * * LOW HITPOINT WARNING * * *
You are lethally poisoned!
The adder poisons you!
Read which item? (? for menu, Esc to quit)
As you read the scroll labeled TOGYKL OPHI, it crumbles to dust.
It is a scroll of enchant armour.
Enchant which item? (? for menu, Esc to quit)
Your cursed +0 leather armour glows green for a moment.
* * * LOW HITPOINT WARNING * * *
You feel sick. The adder misses you. The goblin closely misses you.
The adder bites you.
* * * LOW HITPOINT WARNING * * *
Your crimson imp barely misses the goblin.
Eat which item? (? for menu, Esc to quit)
Okay, then.
Drink which item? (? for menu, Esc to quit)
It was a potion of brilliance.
You feel clever all of a sudden. The goblin hits you with a dagger.
You die...

+................>. ......
#..................
......##..................
#.....#..................
#.....###########+######.
#.....# . #.....#
#.....##########
+....)gS@g5.....
#.....#####.....
#.....#..$......
#.....#.........
#.....#.......
#.....#....# #.....#....#
+.....'....+ #.....#....#


You could see an adder, a hobgoblin, a goblin and a friendly crimson imp.

Vanquished Creatures
  A ball python (D:1)
1 creature vanquished.

Vanquished Creatures (collateral kills)
  A giant cockroach (D:1)
  3 goblins (D:1)
  A hobgoblin (D:1)
  A giant newt (D:1)
  A kobold (D:1)
  A rat (D:1)
8 creatures vanquished.

Grand Total: 9 creatures vanquished

Notes
Turn   | Place    | Note
--------------------------------------------------------------
     0 | D:1      | meme the Kobold Summoner began the quest for the Orb.
     0 | D:1      | Reached XP level 1. HP: 10/10 MP: 3/3
   353 | D:1      | Reached XP level 2. HP: 5/15 MP: 1/5
   426 | D:2      | Learned a level 2 spell: Call Imp
   477 | D:2      | Slain by a goblin

Action                   || total
-------------------------++-------
Melee: Unarmed           ||    14
       Dagger            ||     3
 Cast: Summon Small Mamm ||    13
       Call Imp          ||     1
  Use: Scroll            ||     2
       Potion            ||     1
 Stab: Sleeping          ||     1
Armor: Robe              ||     2
       Leather armour    ||     1
Dodge: Dodged            ||    27
